General information
- name: BNet
- type: Ladder team game (AT/RT)
- host: Battle.net
- saver: HopeNChange
map: GolemsInTheMist
- players: 8
- length: 67:03
- speed: Fast
- version: 1.26 W3XP
- replay type: Public
» download(345 KB)
Players
team 1 (winner)

»
jonas33 (
pink | 57 APM | 3827 actions | 67:00)
4 Demon Hunter
2 Mana Burn
2 Evasion
3 Keeper of the Grove
2 Entangling Roots
1 Thorns Aura
» actions
| Assign group hotkey | 43 | |
| Basic commands | 38 | |
| Build / train | 88 | |
| ESC pressed | 6 | |
| Enter build submenu | 29 | |
| Enter hero's abilities submenu | 7 | |
| Give item / drop item | 4 | |
| Remove unit from queue | 4 | |
| Right click | 1807 | |
| Select / deselect | 923 | |
| Select group hotkey | 725 | |
| Use ability | 153 | |
3827 total
» units
| Wisp | 25 | |
| Archer | 6 | |
| Hippogryph | 20 | |
51 total
» upgrades
| Improved Bows | 1 | |
| Hippogryph Taming | 1 | |
| Strength of the Moon | 1 | |
| Strength of the Wild | 2 | |
| Reinforced Hides | 2 | |
| Ultravision | 1 | |
| Corrosive Breath | 1 | |
| Nature's Blessing | 1 | |
10 total
» buildings
| Altar of Elders | 1 | |
| Moon Well | 6 | |
| Ancient of War | 2 | |
| Tree of Ages | 1 | |
| Hunter's Hall | 1 | |
| Ancient of Wind | 2 | |
| Tree of Life | 6 | |
| Ancient of Wonders | 1 | |
| Tree of Eternity | 2 | |
| Chimaera Roost | 3 | |
| Ancient Protector | 3 | |
28 total
» build order
00:05 Altar of Elders
00:17 Moon Well
00:34 Ancient of War
01:27 Moon Well
01:57 Moon Well
02:29 Ancient of War
02:59 Tree of Ages
04:13 Hunter's Hall
05:42 Ancient of Wind
05:56 Tree of Life
06:29 Ancient of Wind
07:58 Moon Well
08:17 Ancient of Wonders
09:27 Tree of Eternity
09:27 Tree of Eternity
10:52 Moon Well
11:24 Moon Well
11:52 Chimaera Roost
11:54 Chimaera Roost
11:59 Chimaera Roost
15:43 Ancient Protector
15:52 Tree of Life
15:53 Ancient Protector
16:09 Ancient Protector
20:31 Tree of Life
20:36 Tree of Life
20:48 Tree of Life
21:16 Tree of Life
» items
| Scroll of Town Portal | 2 | |
| Potion of Healing | 2 | |
| Staff of Preservation | 1 | |
| Dust of Appearance | 1 | |
| Orb of Venom | 1 | |
| Anti-magic Potion | 2 | |
| Moonstone | 1 | |
| Healing Salve | 1 | |
| Scroll of Speed | 1 | |
12 total
HopeNChange (
teal | 41 APM | 2751 actions | 67:03)
10 Blademaster
3 Wind Walk
3 Critical Strike
1 Bladestorm
3 Mirror Image
» actions
| Assign group hotkey | 31 | |
| Basic commands | 213 | |
| Build / train | 111 | |
| Enter build submenu | 62 | |
| Enter hero's abilities submenu | 10 | |
| Give item / drop item | 17 | |
| Remove unit from queue | 1 | |
| Right click | 1028 | |
| Select / deselect | 674 | |
| Select group hotkey | 263 | |
| Use ability | 341 | |
2751 total
» units
| Peon | 11 | |
| Grunt | 4 | |
| Goblin Shredder | 2 | |
| Wind Rider | 9 | |
| Troll Batrider | 15 | |
| Goblin Zeppelin | 3 | |
| Goblin Sapper | 6 | |
50 total
» upgrades
| Ranged Weapons | 3 | |
| Armor | 4 | |
| Troll Regeneration | 1 | |
| Liquid Fire | 1 | |
| Reinforced Defenses | 1 | |
| Pillage | 1 | |
| Envenomed Spears | 1 | |
| Ensnare | 1 | |
| Spiked Barricades | 3 | |
16 total
» buildings
| Orc Burrow | 4 | |
| Altar of Storms | 1 | |
| Barracks | 2 | |
| Voodoo Lounge | 4 | |
| Stronghold | 1 | |
| War Mill | 1 | |
| Beastiary | 4 | |
| Great Hall | 6 | |
| Fortress | 1 | |
| Watch Tower | 51 | |
75 total
» build order
00:14 Orc Burrow
01:03 Altar of Storms
01:04 Barracks
01:11 Barracks
01:15 Orc Burrow
01:37 Voodoo Lounge
01:41 Voodoo Lounge
02:50 Stronghold
04:18 Orc Burrow
04:43 War Mill
05:32 Beastiary
05:32 Beastiary
05:36 Orc Burrow
06:51 Great Hall
09:00 Fortress
10:11 Beastiary
10:11 Beastiary
11:15 Watch Tower
11:17 Watch Tower
11:20 Watch Tower
11:21 Watch Tower
11:23 Watch Tower
11:25 Watch Tower
16:20 Watch Tower
16:20 Watch Tower
16:21 Watch Tower
16:21 Watch Tower
16:22 Watch Tower
16:24 Watch Tower
16:24 Watch Tower
16:29 Watch Tower
16:30 Watch Tower
16:30 Watch Tower
16:31 Watch Tower
16:32 Watch Tower
16:35 Watch Tower
16:36 Watch Tower
16:37 Watch Tower
16:38 Watch Tower
17:20 Watch Tower
23:09 Great Hall
23:13 Watch Tower
23:13 Watch Tower
23:14 Watch Tower
23:15 Watch Tower
24:26 Watch Tower
24:27 Watch Tower
24:29 Watch Tower
24:30 Watch Tower
30:42 Great Hall
30:46 Watch Tower
30:46 Watch Tower
30:49 Watch Tower
30:51 Watch Tower
30:51 Watch Tower
30:52 Watch Tower
30:54 Watch Tower
31:00 Watch Tower
31:02 Watch Tower
31:03 Watch Tower
31:08 Voodoo Lounge
35:22 Great Hall
35:26 Watch Tower
35:27 Watch Tower
35:30 Watch Tower
35:30 Watch Tower
35:39 Watch Tower
35:39 Watch Tower
35:40 Watch Tower
35:41 Watch Tower
35:44 Voodoo Lounge
38:17 Great Hall
39:36 Great Hall
» items
| Healing Salve | 4 | |
| Potion of Healing | 12 | |
| Potion of Mana | 7 | |
| Lesser Clarity Potion | 2 | |
| Scroll of Town Portal | 3 | |
| Orb of Venom | 1 | |
| Scroll of Regeneration | 1 | |
| Orb of Lightning | 1 | |
31 total
ATHF_MastaShake (
blue | 33 APM | 2189 actions | 67:00)
7 Mountain King
3 Storm Bolt
3 Bash
1 Avatar
» actions
| Assign group hotkey | 28 | |
| Basic commands | 83 | |
| Build / train | 100 | |
| ESC pressed | 18 | |
| Enter build submenu | 37 | |
| Enter hero's abilities submenu | 7 | |
| Right click | 1022 | |
| Select / deselect | 452 | |
| Select group hotkey | 342 | |
| Use ability | 96 | |
2189 total
» units
| Peasant | 32 | |
| Footman | 14 | |
| Priest | 6 | |
| Spell Breaker | 1 | |
| Goblin Shredder | 1 | |
| Mortar Team | 7 | |
| Knight | 8 | |
69 total
» upgrades
| Masonry | 3 | |
| Priest Training | 2 | |
| Plating | 2 | |
| Swords | 2 | |
| Animal War Training | 1 | |
| Flare | 1 | |
| Fragmentation Shards | 1 | |
| Gunpowder | 1 | |
13 total
» buildings
| Altar of Kings | 1 | |
| Farm | 13 | |
| Barracks | 2 | |
| Lumber Mill | 1 | |
| Arcane Vault | 1 | |
| Scout Tower | 2 | |
| Arcane Tower | 2 | |
| Keep | 1 | |
| Town Hall | 4 | |
| Arcane Sanctum | 3 | |
| Castle | 2 | |
| Blacksmith | 1 | |
| Workshop | 1 | |
34 total
» build order
00:25 Altar of Kings
00:42 Farm
00:55 Barracks
01:11 Lumber Mill
01:13 Farm
02:03 Farm
02:48 Arcane Vault
02:54 Farm
03:44 Farm
03:55 Scout Tower
04:25 Scout Tower
04:45 Arcane Tower
05:01 Farm
05:03 Arcane Tower
06:40 Keep
08:20 Town Hall
08:33 Town Hall
09:25 Arcane Sanctum
09:28 Arcane Sanctum
09:49 Arcane Sanctum
11:18 Castle
11:23 Blacksmith
12:30 Farm
12:35 Farm
12:51 Workshop
15:47 Barracks
15:53 Farm
16:26 Farm
17:04 Farm
18:33 Farm
19:40 Farm
20:58 Town Hall
21:01 Town Hall
» items
| Scroll of Regeneration | 2 | |
| Lesser Clarity Potion | 1 | |
3 total
KCCO_ (
green | 31 APM | 1066 actions | 34:41)
6 Archmage
3 Summon Water Elemental
2 Brilliance Aura
1 Mass Teleport
» actions
| Basic commands | 3 | |
| Build / train | 138 | |
| Enter build submenu | 35 | |
| Enter hero's abilities submenu | 6 | |
| Remove unit from queue | 5 | |
| Right click | 340 | |
| Select / deselect | 442 | |
| Use ability | 97 | |
1066 total
» units
| Peasant | 19 | |
| Footman | 17 | |
| Goblin Zeppelin | 5 | |
| Goblin Shredder | 5 | |
| Mortar Team | 12 | |
| Priest | 10 | |
| Siege Engine | 11 | |
| Knight | 3 | |
82 total
» upgrades
| Gunpowder | 3 | |
| Lumber Harvesting | 2 | |
| Masonry | 2 | |
| Plating | 2 | |
| Swords | 1 | |
| Armor | 1 | |
| Defend | 1 | |
| Flare | 1 | |
| Barrage | 1 | |
| Fragmentation Shards | 1 | |
15 total
» buildings
| Altar of Kings | 1 | |
| Farm | 9 | |
| Barracks | 2 | |
| Lumber Mill | 1 | |
| Blacksmith | 1 | |
| Scout Tower | 9 | |
| Guard Tower | 18 | |
| Keep | 1 | |
| Town Hall | 2 | |
| Castle | 1 | |
| Arcane Sanctum | 1 | |
| Workshop | 3 | |
| Gryphon Aviary | 1 | |
| Arcane Vault | 1 | |
51 total
» build order
01:13 Altar of Kings
01:16 Farm
01:19 Barracks
01:26 Barracks
02:05 Farm
02:28 Farm
03:09 Farm
03:11 Farm
03:28 Lumber Mill
03:43 Blacksmith
03:56 Farm
04:42 Scout Tower
05:03 Farm
05:23 Guard Tower
05:25 Scout Tower
06:24 Guard Tower
06:25 Keep
06:45 Town Hall
07:10 Scout Tower
07:12 Scout Tower
07:15 Scout Tower
07:19 Scout Tower
07:22 Scout Tower
07:43 Guard Tower
07:44 Guard Tower
07:44 Guard Tower
07:52 Guard Tower
07:52 Guard Tower
08:01 Guard Tower
08:01 Guard Tower
08:01 Guard Tower
08:10 Guard Tower
08:10 Guard Tower
08:10 Guard Tower
08:17 Scout Tower
08:21 Guard Tower
08:47 Guard Tower
10:11 Castle
10:51 Arcane Sanctum
10:55 Workshop
10:59 Workshop
11:03 Gryphon Aviary
11:52 Workshop
12:21 Farm
12:36 Arcane Vault
13:16 Farm
21:04 Town Hall
21:31 Scout Tower
» items
team 2 (loser)
BellyButton (
purple | 41 APM | 1983 actions | 48:17)
6 Blademaster
2 Wind Walk
3 Critical Strike
1 Bladestorm
» actions
| Basic commands | 48 | |
| Build / train | 65 | |
| Enter build submenu | 28 | |
| Enter hero's abilities submenu | 6 | |
| Remove unit from queue | 1 | |
| Right click | 996 | |
| Select / deselect | 625 | |
| Use ability | 214 | |
1983 total
» units
| Peon | 14 | |
| Wind Rider | 6 | |
| Troll Batrider | 7 | |
| Raider | 6 | |
33 total
» upgrades
| Melee Weapons | 1 | |
| Ranged Weapons | 3 | |
| Envenomed Spears | 1 | |
| Armor | 1 | |
| Liquid Fire | 1 | |
| Reinforced Defenses | 1 | |
| Ensnare | 1 | |
| Pillage | 1 | |
10 total
» buildings
| Altar of Storms | 1 | |
| Orc Burrow | 9 | |
| Barracks | 1 | |
| Voodoo Lounge | 1 | |
| Stronghold | 2 | |
| War Mill | 3 | |
| Fortress | 1 | |
| Beastiary | 2 | |
20 total
» build order
00:04 Altar of Storms
00:07 Orc Burrow
00:57 Barracks
01:54 Orc Burrow
02:31 Voodoo Lounge
02:46 Orc Burrow
03:02 Stronghold
03:03 Stronghold
03:36 Orc Burrow
03:38 War Mill
03:40 War Mill
03:43 War Mill
04:58 Orc Burrow
05:29 Fortress
05:41 Beastiary
05:43 Beastiary
10:56 Orc Burrow
10:58 Orc Burrow
11:17 Orc Burrow
11:47 Orc Burrow
» items
| Orb of Lightning | 1 | |
| Scroll of Town Portal | 1 | |
| Healing Salve | 2 | |
| Potion of Healing | 3 | |
| Potion of Mana | 1 | |
8 total
Iadderrapist (
orange | 51 APM | 3390 actions | 67:00)
9 Archmage
3 Summon Water Elemental
3 Brilliance Aura
1 Mass Teleport
2 Blizzard
» actions
| Assign group hotkey | 122 | |
| Basic commands | 165 | |
| Build / train | 155 | |
| ESC pressed | 6 | |
| Enter build submenu | 72 | |
| Enter hero's abilities submenu | 9 | |
| Give item / drop item | 7 | |
| Right click | 1417 | |
| Select / deselect | 417 | |
| Select group hotkey | 772 | |
| Use ability | 248 | |
3390 total
» units
| Peasant | 13 | |
| Footman | 6 | |
| Goblin Shredder | 1 | |
| Dragonhawk Rider | 3 | |
| Goblin Sapper | 4 | |
| Gryphon Rider | 4 | |
| Goblin Zeppelin | 1 | |
32 total
» upgrades
| Masonry | 3 | |
| Swords | 3 | |
| Armor | 3 | |
| Animal War Training | 1 | |
| Cloud | 1 | |
| Storm Hammers | 1 | |
12 total
» buildings
| Barracks | 1 | |
| Farm | 9 | |
| Altar of Kings | 1 | |
| Arcane Vault | 2 | |
| Lumber Mill | 1 | |
| Keep | 3 | |
| Town Hall | 2 | |
| Scout Tower | 47 | |
| Guard Tower | 41 | |
| Castle | 3 | |
| Gryphon Aviary | 5 | |
| Blacksmith | 2 | |
| Workshop | 1 | |
| Cannon Tower | 19 | |
137 total
» build order
00:51 Barracks
00:54 Farm
00:57 Altar of Kings
01:05 Farm
01:18 Farm
02:09 Farm
02:17 Arcane Vault
02:25 Lumber Mill
02:52 Farm
03:50 Farm
03:52 Keep
03:52 Keep
04:54 Town Hall
05:00 Scout Tower
05:01 Scout Tower
05:02 Scout Tower
05:41 Guard Tower
06:12 Scout Tower
06:14 Scout Tower
06:15 Scout Tower
06:16 Scout Tower
06:17 Scout Tower
06:21 Scout Tower
06:23 Scout Tower
06:42 Guard Tower
06:42 Guard Tower
07:00 Guard Tower
07:56 Scout Tower
07:58 Scout Tower
07:59 Scout Tower
08:01 Scout Tower
08:05 Scout Tower
08:08 Scout Tower
08:21 Scout Tower
08:30 Guard Tower
09:06 Guard Tower
09:07 Castle
09:07 Castle
09:09 Scout Tower
09:09 Scout Tower
09:11 Scout Tower
09:12 Scout Tower
09:14 Scout Tower
09:22 Scout Tower
09:24 Scout Tower
09:29 Scout Tower
09:30 Scout Tower
09:31 Scout Tower
09:31 Scout Tower
09:33 Scout Tower
09:33 Scout Tower
09:43 Guard Tower
09:43 Guard Tower
09:49 Guard Tower
09:49 Guard Tower
09:59 Gryphon Aviary
10:13 Guard Tower
10:13 Guard Tower
10:14 Guard Tower
10:14 Guard Tower
10:15 Guard Tower
10:15 Guard Tower
10:15 Guard Tower
10:16 Guard Tower
11:25 Blacksmith
11:26 Gryphon Aviary
11:29 Blacksmith
11:35 Gryphon Aviary
12:13 Gryphon Aviary
12:16 Gryphon Aviary
15:54 Farm
15:55 Farm
15:56 Farm
16:45 Scout Tower
16:46 Scout Tower
16:47 Scout Tower
16:48 Scout Tower
16:50 Scout Tower
16:52 Scout Tower
16:55 Arcane Vault
17:16 Guard Tower
17:16 Guard Tower
17:17 Guard Tower
17:20 Guard Tower
17:20 Guard Tower
17:20 Guard Tower
17:21 Guard Tower
17:22 Guard Tower
17:48 Guard Tower
17:48 Guard Tower
17:48 Guard Tower
18:17 Workshop
18:58 Scout Tower
19:01 Scout Tower
19:03 Scout Tower
19:06 Scout Tower
19:21 Scout Tower
19:22 Scout Tower
19:25 Scout Tower
19:53 Cannon Tower
19:54 Cannon Tower
19:54 Cannon Tower
19:55 Cannon Tower
20:30 Cannon Tower
25:45 Town Hall
26:59 Scout Tower
27:02 Scout Tower
27:03 Scout Tower
27:05 Scout Tower
27:26 Cannon Tower
27:26 Cannon Tower
27:27 Cannon Tower
27:28 Cannon Tower
27:28 Cannon Tower
27:29 Cannon Tower
27:29 Cannon Tower
27:30 Cannon Tower
27:31 Cannon Tower
27:31 Cannon Tower
» items
| Scroll of Regeneration | 7 | |
| Mechanical Critter | 4 | |
| Lesser Clarity Potion | 1 | |
| Scroll of Town Portal | 4 | |
| Staff of Sanctuary | 1 | |
17 total
MOUTHGUZZLER (
yellow | 43 APM | 2898 actions | 67:00)
7 Blademaster
3 Wind Walk
3 Critical Strike
1 Bladestorm
2 Shadow Hunter
1 Hex
1 Healing Wave
» actions
| Assign group hotkey | 75 | |
| Basic commands | 49 | |
| Build / train | 90 | |
| Enter build submenu | 25 | |
| Enter hero's abilities submenu | 9 | |
| Give item / drop item | 1 | |
| Right click | 1277 | |
| Select / deselect | 377 | |
| Select group hotkey | 749 | |
| Use ability | 246 | |
2898 total
» units
| Peon | 9 | |
| Goblin Shredder | 2 | |
| Goblin Zeppelin | 8 | |
| Troll Batrider | 17 | |
| Goblin Sapper | 4 | |
| Wind Rider | 3 | |
| Raider | 2 | |
45 total
» upgrades
| Reinforced Defenses | 1 | |
| Liquid Fire | 1 | |
| Ranged Weapons | 2 | |
| Armor | 2 | |
| Ensnare | 1 | |
| Melee Weapons | 2 | |
| Envenomed Spears | 1 | |
| Pillage | 1 | |
11 total
» buildings
| Altar of Storms | 1 | |
| Orc Burrow | 5 | |
| Voodoo Lounge | 1 | |
| War Mill | 1 | |
| Stronghold | 1 | |
| Watch Tower | 28 | |
| Fortress | 2 | |
| Beastiary | 3 | |
| Great Hall | 2 | |
44 total
» build order
00:16 Altar of Storms
00:23 Orc Burrow
00:57 Voodoo Lounge
01:39 War Mill
02:22 Stronghold
02:49 Orc Burrow
03:37 Watch Tower
03:38 Watch Tower
03:39 Watch Tower
03:39 Watch Tower
06:04 Fortress
06:04 Fortress
06:13 Orc Burrow
06:21 Beastiary
06:27 Beastiary
06:33 Orc Burrow
09:06 Beastiary
10:03 Watch Tower
10:04 Watch Tower
10:06 Watch Tower
10:19 Watch Tower
11:12 Watch Tower
12:15 Watch Tower
12:16 Watch Tower
13:22 Watch Tower
13:22 Watch Tower
13:23 Watch Tower
15:54 Orc Burrow
22:44 Great Hall
22:46 Watch Tower
22:47 Watch Tower
22:47 Watch Tower
22:48 Watch Tower
22:48 Watch Tower
22:49 Watch Tower
23:20 Watch Tower
25:09 Watch Tower
25:09 Watch Tower
25:25 Watch Tower
25:25 Watch Tower
25:26 Watch Tower
31:42 Great Hall
31:44 Watch Tower
31:45 Watch Tower
» items
| Healing Salve | 2 | |
| Lesser Clarity Potion | 4 | |
| Scroll of Town Portal | 3 | |
| Potion of Healing | 2 | |
| Tiny Great Hall | 2 | |
| Orb of Lightning | 1 | |
| Scroll of Regeneration | 1 | |
| Potion of Mana | 2 | |
17 total

»
carolina89 (
red | 41 APM | 1017 actions | 24:52)
4 Keeper of the Grove
1 Entangling Roots
3 Thorns Aura
3 Demon Hunter
2 Mana Burn
1 Evasion
» actions
| Assign group hotkey | 12 | |
| Basic commands | 1 | |
| Build / train | 60 | |
| Enter build submenu | 21 | |
| Enter hero's abilities submenu | 7 | |
| Remove unit from queue | 4 | |
| Right click | 552 | |
| Select / deselect | 302 | |
| Select group hotkey | 16 | |
| Use ability | 42 | |
1017 total
» units
| Wisp | 17 | |
| Huntress | 8 | |
| Goblin Zeppelin | 1 | |
| Chimaera | 8 | |
| Hippogryph | 6 | |
40 total
» upgrades
| Corrosive Breath | 1 | |
| Upgrade Moon Glaive | 1 | |
| Strength of the Wild | 1 | |
| Reinforced Hides | 1 | |
4 total
» buildings
| Altar of Elders | 1 | |
| Moon Well | 8 | |
| Hunter's Hall | 1 | |
| Ancient of War | 2 | |
| Tree of Ages | 1 | |
| Tree of Eternity | 1 | |
| Ancient of Wind | 2 | |
| Chimaera Roost | 2 | |
| Tree of Life | 1 | |
19 total
» build order
00:43 Altar of Elders
00:47 Moon Well
01:04 Hunter's Hall
01:55 Moon Well
02:13 Moon Well
02:31 Ancient of War
02:48 Ancient of War
02:59 Moon Well
03:59 Moon Well
04:26 Tree of Ages
06:48 Tree of Eternity
06:54 Ancient of Wind
07:46 Moon Well
07:55 Moon Well
09:49 Chimaera Roost
09:56 Chimaera Roost
11:06 Tree of Life
13:20 Ancient of Wind
18:32 Moon Well
Chat log
(00:13 / All) BellyButton: hey guys i have a confession to make..
(00:17 / All) ATHF_MastaShake: oh jeez
(00:18 / All) BellyButton: i have a belly button fetish
(00:30 / All) BellyButton: now someone tell me
(00:32 / All) BellyButton: is that normal?
(00:35 / All) BellyButton: or am i fucked up?
(00:36 / All) MOUTHGUZZLER: i have a goku fetish
(00:39 / All) HopeNChange: you're a faggot
(00:44 / Allies) ATHF_MastaShake: lol
(00:45 / All) BellyButton: no but u don't get it
(00:45 / All) Iadderrapist: at least you don't masturbate to goku pics
(00:48 / All) Iadderrapist: and print 'em
(00:54 / All) BellyButton: i only like girls bellybuttons
(00:56 / All) BellyButton: not guys
(00:58 / All) HopeNChange: go get married and demand normal people bake you a cake with gay sex on it
(01:07 / All) ATHF_MastaShake: it's cause of those slim girls with the belly button piercings
(01:07 / All) BellyButton: teal
(01:13 / All) BellyButton: i don't like guys
(01:15 / All) ATHF_MastaShake: teal gay
(01:16 / All) ATHF_MastaShake: jk
(01:17 / All) BellyButton: i don't support gay marriage
(01:22 / All) BellyButton: but
(01:25 / All) Iadderrapist: you're in denial
(01:26 / All) BellyButton: i like girls bellybuttons
(01:26 / All) Iadderrapist: faggot
(01:28 / All) HopeNChange: I bet you have a rainbow avatar
(01:32 / All) BellyButton: lol..
(01:35 / All) ATHF_MastaShake: lol
(01:38 / All) Iadderrapist: you sound pretty gay to me purple
(01:40 / All) BellyButton: i thought i was fucked
(01:47 / All) BellyButton: but these guys r worse than isis
(01:58 / All) BellyButton: but yea
(02:01 / All) BellyButton: keep thinking that
(02:03 / All) HopeNChange: Drown fags in the bogs!
(02:05 / All) MOUTHGUZZLER: what is isis
(02:11 / All) ATHF_MastaShake: lol
(02:11 / All) Iadderrapist: lol...
(02:21 / All) KCCO_: freedom fighters
(02:28 / All) ATHF_MastaShake: omg reoprt
(02:38 / All) Iadderrapist: do you really notknow who isis are yellow?
(02:39 / All) Iadderrapist: lol
(02:40 / All) HopeNChange: BIG BROTHER IS WATCHING
(02:47 / Allies) KCCO_: lol he allways is
(02:55 / All) BellyButton: it's not important yellow, just know that i have a belly button fetish
(03:16 / Allies) ATHF_MastaShake: should we rush
(03:20 / Allies) KCCO_: i can
(03:25 / All) HopeNChange: green is a vet I can tell
(03:37 / All) KCCO_: lol how?
(03:40 / All) ATHF_MastaShake: lol
(03:43 / All) HopeNChange: you the master of dis game
(03:49 / Allies) ATHF_MastaShake: <---
(04:27 / All) ATHF_MastaShake: noobs
(04:51 / All) ATHF_MastaShake: what a dumbass
(04:55 / All) BellyButton: LOL
(05:04 / All) ATHF_MastaShake: omfg
(05:21 / All) ATHF_MastaShake: Bitch
(05:38 / Allies) ATHF_MastaShake: so we aren't rushing?
(05:49 / Allies) HopeNChange: nice joke
(05:54 / Allies) ATHF_MastaShake: it wasn't a joke
(05:58 / Allies) HopeNChange: I'm no heathen
(06:04 / Allies) HopeNChange: rushing is for infidels
(06:43 / Allies) ATHF_MastaShake: i hate this shit map
(07:07 / Allies) KCCO_: y did they get rid of the new maps?
(09:43 / All) HopeNChange: perfect time to be macroing
(09:49 / Allies) HopeNChange: unmount
(09:57 / All) HopeNChange: I think purple mh lol
(10:05 / All) BellyButton: oh ya
(10:06 / All) BellyButton: def
(10:07 / All) BellyButton: l
(11:04 / All) BellyButton: it's always the noobs that cry mh
(11:04 / All) BellyButton: lol
(11:40 / Allies) ATHF_MastaShake: purple making wyverns
(11:41 / Allies) ATHF_MastaShake: soo
(11:43 / Allies) ATHF_MastaShake: batriders
(12:19 / Allies) ATHF_MastaShake: coming
(12:23 / Allies) ATHF_MastaShake: nvm
(12:48 / All) MOUTHGUZZLER: STPOP IT GET ALONG PLZ I CANT TAKE THIS BICKERING
(12:55 / All) ATHF_MastaShake: lol
(12:59 / Allies) ATHF_MastaShake: care
(13:10 / Allies) ATHF_MastaShake: red has chims
(13:15 / Allies) ATHF_MastaShake: back pink
(13:26 / All) BellyButton: teal mhs
(13:28 / All) BellyButton: lol
(13:32 / All) HopeNChange: yeah that's mh
(13:35 / All) BellyButton: yep
(13:35 / All) ATHF_MastaShake: lol
(13:39 / All) Iadderrapist: at least he's not a belly button bitch boy
(13:49 / All) BellyButton: lol yea sure u tweroing cunt
(14:01 / Allies) ATHF_MastaShake: oh shiiit
(14:02 / All) BellyButton: oj masses towers
(14:04 / All) HopeNChange: sentry wards are map hakcing
(14:05 / All) HopeNChange: LOL
(14:07 / All) BellyButton: all u guys need are morts
(14:07 / All) HopeNChange: thanks for the laughh
(14:14 / All) Iadderrapist: Purple is a great player
(14:15 / Allies) ATHF_MastaShake: i don't have anti-air :(
(14:18 / All) Iadderrapist: he's a sissy cunt
(14:27 / Allies) ATHF_MastaShake: i will attack purple
(14:29 / Allies) ATHF_MastaShake: pink join me
(14:38 / Allies) ATHF_MastaShake: also i need lumber
(14:45 / Allies) ATHF_MastaShake: nvm
(15:20 / Allies) HopeNChange: bolt
(15:21 / Allies) HopeNChange: bolt
(15:21 / Allies) HopeNChange: bolt
(15:22 / Allies) HopeNChange: b
(15:23 / Allies) HopeNChange: bolt bm
(15:25 / Allies) HopeNChange: bolt bm
(16:46 / All) MOUTHGUZZLER: pink ur such a fucking nigger hacker
(16:49 / All) ATHF_MastaShake: lol
(17:46 / All) ATHF_MastaShake: y'all made
(17:48 / Allies) ATHF_MastaShake: some shitty units
(17:51 / All) ATHF_MastaShake: some shitty units
(17:52 / Allies) ATHF_MastaShake: let's end fast
(18:40 / Allies) ATHF_MastaShake: fuck it
(18:41 / Allies) ATHF_MastaShake: attack red
(18:42 / Allies) ATHF_MastaShake: pink come
(18:44 / Allies) ATHF_MastaShake: since you have aa
(19:03 / Allies) HopeNChange: b lawl
(19:05 / Allies) ATHF_MastaShake: HELP PLEASE
(19:42 / Allies) HopeNChange: back
(19:43 / Allies) ATHF_MastaShake: OK OR MAYBE YOU DONT HAVE AA
(21:06 / Allies) ATHF_MastaShake: WE NEED TO ATTACK
(22:23 / All) MOUTHGUZZLER: holy shit
(22:25 / All) ATHF_MastaShake: LAWL
(22:38 / Allies) ATHF_MastaShake: are you guys half retarded?
(22:39 / Allies) ATHF_MastaShake: fucking help
(22:40 / Allies) ATHF_MastaShake: do something
(22:45 / Allies) HopeNChange: help up top
(22:51 / Allies) KCCO_: lol u think u would go aa blue u noob
(23:03 / Allies) ATHF_MastaShake: no because someone was supposed to go batriders and pink made hippos and i specced knights and casters
(23:18 / Allies) HopeNChange: I have bat rideres
(23:23 / Allies) ATHF_MastaShake: use em
(23:52 / All) carolina89: gg worst unit combo ever
(23:56 / Allies) ATHF_MastaShake: k or just do ajck shit
(24:02 / All) carolina89: have two orcs and nither decide to get taurns???????
(24:14 / All) BellyButton: you fight against tanks with ur chims?
(24:18 / All) ATHF_MastaShake: lawl
(24:21 / All) carolina89: no shit they already won
(24:24 / All) ATHF_MastaShake: my team is retarded
(24:38 / Allies) ATHF_MastaShake: ok now
(24:40 / Allies) ATHF_MastaShake: OCUNTER
(24:41 / Allies) ATHF_MastaShake: COUNTER
(24:47 / All) HopeNChange: but you are a part of the team
(24:54 / All) HopeNChange: For your disrespect to your comrades
(24:56 / All) HopeNChange: too bad
(25:00 / All) HopeNChange: I was gonna wipe it out
(25:02 / All) ATHF_MastaShake: lol
(26:25 / Allies) ATHF_MastaShake: good job reen
(26:33 / Allies) ATHF_MastaShake: no fuck the units
(26:35 / Allies) ATHF_MastaShake: get the buildings
(26:38 / Allies) ATHF_MastaShake: they do siege damage
(26:38 / Allies) ATHF_MastaShake: ffs
(26:44 / Allies) KCCO_: teal gold plz
(27:04 / Allies) KCCO_: teal i need gold
(27:08 / Allies) ATHF_MastaShake: teal
(27:09 / Allies) ATHF_MastaShake: you are gay
(27:18 / Allies) HopeNChange: stop insulting my honor
(27:21 / All) ATHF_MastaShake: teal is a troll
(27:23 / All) ATHF_MastaShake: no pun intended
(27:24 / Allies) ATHF_MastaShake: what honor
(27:39 / Allies) KCCO_: anyone got 100 gold plz
(28:11 / Allies) ATHF_MastaShake: teal use your gold
(28:17 / Allies) ATHF_MastaShake: green hit this base
(28:30 / Allies) ATHF_MastaShake: ....
(28:33 / Allies) KCCO_: i will loose it all
(28:47 / All) HopeNChange: Coward!!!
(28:49 / Allies) KCCO_: man what i could do with some of teal gold
(28:57 / Allies) ATHF_MastaShake: teal gold please
(28:58 / All) HopeNChange: yeah yo ucould a move tanks LOL
(28:58 / All) BellyButton: says the one who tps
(28:59 / All) BellyButton: lmfao
(29:00 / Allies) ATHF_MastaShake: or make units
(29:03 / Allies) ATHF_MastaShake: lol
(29:11 / Allies) ATHF_MastaShake: green
(29:11 / All) HopeNChange: You were hiding in your allies towers, coward
(29:14 / Allies) ATHF_MastaShake: your fucking tanks have fortified armor
(29:16 / Allies) ATHF_MastaShake: attack
(29:17 / All) BellyButton: yea and u tped
(29:23 / All) BellyButton: so ur contradicting urself
(29:24 / All) HopeNChange: A little towered coward, hiding in yellow's skirts you wittle baby child
(29:29 / Allies) KCCO_: watch
(29:34 / All) HopeNChange: Come fight me like a man out in the open
(29:35 / All) BellyButton: yea but u tped
(29:38 / All) BellyButton: so ur a coward
(29:39 / All) HopeNChange: Die a heroic death
(29:42 / All) BellyButton: ur level 9
(29:47 / All) BellyButton: i'm level 6
(29:47 / All) HopeNChange: Excuses
(29:55 / All) HopeNChange: You suck at this game, that's not my fault coward!
(29:59 / All) BellyButton: lol
(30:07 / All) BellyButton: u sure talk a lot of shit for a pussy ass lil scrub
(30:11 / All) ATHF_MastaShake: shit
(30:14 / All) ATHF_MastaShake: i was just about to hide
(30:19 / Allies) KCCO_: man some gold would be nice
(30:22 / All) ATHF_MastaShake: report green please
(30:26 / All) ATHF_MastaShake: he is trolling
(30:32 / All) ATHF_MastaShake: he has 3.6k gold
(30:36 / All) ATHF_MastaShake: won't make units and won't help team
(30:39 / All) HopeNChange: REPORT ME FOR TROLLING LOL
(30:43 / All) ATHF_MastaShake: someone drophack teal please
(30:49 / All) ATHF_MastaShake: i knew he was a faggot at start of game
(31:05 / Allies) jonas33: retardd team
(31:08 / Allies) ATHF_MastaShake: just teal
(31:11 / Allies) ATHF_MastaShake: who didn't do jack shit
(31:20 / All) HopeNChange: LOL
(31:25 / All) HopeNChange: CHANGE
(31:26 / All) HopeNChange: CHANGE
(31:31 / All) ATHF_MastaShake: faggot
(31:59 / All) BellyButton: god ur anooying teal
(32:03 / All) ATHF_MastaShake: yes he is
(32:10 / All) BellyButton: lol
(32:11 / All) ATHF_MastaShake: he deserves to get his balls smashed with a hammer
(32:12 / All) HopeNChange: BYE BYE BYE
(32:13 / All) HopeNChange: BYE BYE
(32:14 / All) HopeNChange: BYE!
(32:21 / Allies) KCCO_: teal can u plz give some gpld
(32:26 / All) ATHF_MastaShake: actually i don't think he has balls
(32:27 / Allies) HopeNChange: I'm not a bank
(32:34 / All) BellyButton: well he's a cunt
(32:37 / All) BellyButton: what u expect
(32:49 / All) Iadderrapist: thanks for the level up green
(32:58 / Allies) ATHF_MastaShake: lol
(32:59 / Allies) ATHF_MastaShake: fuck teal
(33:04 / All) ATHF_MastaShake: teal straight up lsot us teh game
(33:10 / All) HopeNChange: Traitors, they're everywhere
(33:12 / All) KCCO_: anything i can do to help u bet teal
(33:21 / All) ATHF_MastaShake: yes we will tell them where teal is
(33:33 / All) BellyButton: i just want my bm back
(33:35 / All) HopeNChange: don't do that don't do that!
(33:36 / All) BellyButton: can i have some gold
(33:38 / All) BellyButton: PLZ
(33:39 / All) ATHF_MastaShake: go feed the zeppelins to yellow
(33:58 / All) BellyButton: OJ GIVE ME GOLD
(34:00 / All) BellyButton: U FUCK
(34:04 / All) KCCO_: lol
(34:08 / All) KCCO_: what a game
(34:11 / All) KCCO_: gg
(34:19 / All) BellyButton: OJ
(34:20 / All) MOUTHGUZZLER: stay green
(34:22 / All) BellyButton: GIVE ME GOLD
(34:24 / All) BellyButton: U FAGGOT
(34:26 / All) MOUTHGUZZLER: teal has talked shit all game
(34:31 / All) ATHF_MastaShake: fuck teal
(34:32 / All) Iadderrapist: you're the fag and you get no gold
(34:37 / All) BellyButton: FUCK TEAL
(34:38 / All) BellyButton: AND OJ
(34:38 / All) Iadderrapist: lick my belly button sissy
(34:40 / All) KCCO_: i am going to start a new game
(34:41 / All) HopeNChange: WHERE DO I GO NOW
(34:45 / All) HopeNChange: WHERE DO I GO NOW
(34:48 / All) BellyButton: BOTH ARE FAGS
(34:51 / All) BellyButton: BUT OJ IS WORSE
(34:58 / All) Iadderrapist: kiss my belly button bitch
(35:00 / All) HopeNChange: IM THE HATED MILLK MACHINE EVERYBODY HATES ME NOW
(35:03 / All) HopeNChange: FOR DOING WHAT IM TOLD
(35:06 / All) HopeNChange: HE WAS TRYING TO BE BOLD
(35:12 / All) HopeNChange: WHY CANT PEOPLE KEEP THEIR WILLIES OUT OF HOLES
(35:14 / All) BellyButton: OJ
(35:18 / All) ATHF_MastaShake: lel
(35:26 / All) BellyButton: OJ UR BELLYBUTTON IS SIMPLY NOT WORTHY
(35:32 / All) BellyButton: GO FUCK URSELF OJ
(35:36 / All) BellyButton: I SPIT ON UR BELLYBUTTON
(35:55 / Allies) ATHF_MastaShake: wtf
(35:58 / All) Iadderrapist: spit on your dick and masturbate to belly buttoons faggot
(36:00 / Allies) ATHF_MastaShake: green built another castle in weird spot
(36:04 / All) BellyButton: OH I WILL
(36:08 / All) BellyButton: BUT NOT YOURS
(36:09 / Allies) ATHF_MastaShake: maybe not
(36:14 / All) BellyButton: U FUCKING FILTHY NIGGER JEW
(36:15 / All) ATHF_MastaShake: why you do this
(36:26 / All) BellyButton: IF I COULD
(36:33 / All) BellyButton: I'D SO TK OJ FOR U GUYS
(36:42 / All) Iadderrapist: do girls laugh at you when you tell them about how you can only get off to belly buttons? lol
(36:53 / All) Iadderrapist: you couldnt tk if you tried like how you gave up earlier and never did it
(36:53 / All) BellyButton: well
(36:57 / All) Iadderrapist: sissy cunt
(36:58 / All) HopeNChange: FIGHT COWARD
(37:01 / All) ATHF_MastaShake: tk him
(37:04 / All) BellyButton: oj the thing is
(37:07 / All) HopeNChange: NONE WILL STAND BEFORE AKINOS THE MIGHTY
(37:08 / All) BellyButton: u pussied out
(37:12 / All) BellyButton: and towered like a bitch
(37:14 / All) BellyButton: LOL
(37:22 / All) BellyButton: so who's the fool?
(37:25 / All) Iadderrapist: you
(37:32 / All) BellyButton: u mean ur small inch weiner?
(37:36 / All) ATHF_MastaShake: lol
(37:53 / All) Iadderrapist: Even if I had a small weiner at least I'd use it rather than get off to licking belly buttons
(38:11 / Allies) jonas33: u need sh agains mass teleport later
(38:13 / All) BellyButton: correction* you don't have a penis
(38:21 / All) BellyButton: you're a transgender
(38:27 / All) BellyButton: u slit ur ballz remember?
(38:29 / All) HopeNChange: HEHE
(38:31 / All) BellyButton: c
(38:38 / All) Iadderrapist: sissy boy has a tranny fetish too?
(38:42 / All) BellyButton: LOL
(38:45 / All) BellyButton: LMFAO
(38:49 / All) MOUTHGUZZLER: so much shit talk wow
(38:55 / All) BellyButton: seirously
(38:57 / All) MOUTHGUZZLER: purple and blue got potty mouths
(38:59 / All) Iadderrapist: Purple is a belly button loving sissy who loves trannies
(39:06 / All) BellyButton: LOL
(39:09 / All) BellyButton: oj thank u so much
(39:11 / All) BellyButton: for making my day
(39:17 / All) BellyButton: i've had so much laughs
(39:20 / All) BellyButton: i owe u
(39:25 / All) Iadderrapist: yeah I bet your day is made from me calling you such a fucking faggot
(39:31 / All) ATHF_MastaShake: holy shit this kid is gay
(39:37 / All) MOUTHGUZZLER: teal or oj
(39:39 / All) BellyButton: LOL
(39:49 / All) BellyButton: oj of course
(39:55 / All) BellyButton: he watches all these porn
(39:58 / All) MOUTHGUZZLER: mexican standoff time
(39:59 / All) BellyButton: and jacks off of trannies
(40:00 / All) BellyButton: LOL
(40:09 / All) Iadderrapist: you have a great imagination
(40:16 / All) Iadderrapist: guess you need it when your head is buried in belly buttons
(40:21 / All) BellyButton: LL
(41:15 / All) BellyButton: LOL
(41:21 / All) BellyButton: teal gonna win this for u guys
(41:22 / All) MOUTHGUZZLER: retard zepplin wouldnt pick e up
(41:34 / All) HopeNChange: You sought to flee the field like a sissy boy
(41:38 / All) HopeNChange: You died like a worm
(42:00 / All) BellyButton: yo oj
(42:01 / All) MOUTHGUZZLER: am i more a worm than blue or purple
(42:10 / All) HopeNChange: Indeed
(42:34 / All) HopeNChange: He fled from battle and died a coward''s death
(42:51 / All) HopeNChange: Too frightened by the might of Akinos! Whose renown is without equal!
(43:24 / All) BellyButton: u sound like a old english shaespearean faggot teal
(43:32 / All) ATHF_MastaShake: lol
(43:37 / All) Iadderrapist: Shakespeare didn't speak Old English
(43:47 / All) HopeNChange: You oughtn't speak of faggotry when you have blown as many dicks as you have
(43:50 / All) ATHF_MastaShake: teal piece of shit
(44:00 / All) BellyButton: teal rly is garbage
(44:04 / All) ATHF_MastaShake: haha
(44:07 / All) BellyButton: and so is oj tho
(44:11 / All) ATHF_MastaShake: yellow too
(44:13 / All) BellyButton: yea i think oj is worse
(44:19 / All) BellyButton: biggest sore loser on ehre
(44:24 / All) HopeNChange: Covet not thy neighbor's MIGHT
(44:31 / All) BellyButton: he's in denial right now
(44:32 / All) Iadderrapist: belly button bitch boy
(44:34 / Allies) ATHF_MastaShake: hey teal
(44:35 / All) BellyButton: he keeps talking about belly button
(44:36 / All) HopeNChange: Seek to become a mightier warrior in your own right
(44:36 / All) BellyButton: lol
(44:39 / Allies) ATHF_MastaShake: have you ever tried to mass demolishers?
(44:45 / All) HopeNChange: Do not flee the field of battle like a nancy boy
(44:47 / All) MOUTHGUZZLER: we'll leave purple with 3 zepplins
(45:18 / All) BellyButton: LOL
(45:21 / All) BellyButton: nice
(45:27 / All) ATHF_MastaShake: teal is faggot
(45:29 / All) ATHF_MastaShake: faggoth
(45:37 / All) MOUTHGUZZLER: make sure blue and pink knows whats going on lawl
(45:48 / All) ATHF_MastaShake: pussy faggoths set on fire
(45:50 / All) ATHF_MastaShake: your cheese
(46:18 / All) ATHF_MastaShake: teal 14k gold
(46:22 / All) ATHF_MastaShake: we could have won
(46:27 / All) BellyButton: oh but u have won
(46:29 / All) BellyButton: don't worry
(46:32 / All) BellyButton: i'm tking oj
(46:32 / All) HopeNChange: You were never meant to win
(46:36 / All) ATHF_MastaShake: with what
(46:39 / All) ATHF_MastaShake: lol
(46:40 / All) Iadderrapist: I gave purple control of my stuff
(46:42 / All) BellyButton: with his own towers
(46:44 / All) Iadderrapist: he's using my towers to kill towers
(46:46 / All) ATHF_MastaShake: lol
(46:51 / All) Iadderrapist: amazing tker right here
(46:52 / All) HopeNChange: You were meant to wait in purgatory until your sins of cowardice washed
(47:02 / All) HopeNChange: In the hoary eternity of self doubt
(48:03 / All) MOUTHGUZZLER: good luck purple blue pink
(48:07 / All) Iadderrapist: Good luck everyoone
(48:09 / All) MOUTHGUZZLER: we'll whisper u tomorrow if game is still on
(48:11 / All) Iadderrapist: enjoy the standoff
(48:14 / All) BellyButton: yea
(48:15 / All) BellyButton: gg
(48:18 / All) ATHF_MastaShake: no
(48:19 / All) ATHF_MastaShake: faggoths
(48:46 / All) MOUTHGUZZLER: oh focklawl
(48:55 / All) ATHF_MastaShake: ?
(48:59 / All) HopeNChange: HE HAS NO GRIT
(49:06 / All) MOUTHGUZZLER: u guys gotta lose since purple left
(49:11 / All) HopeNChange: I'D EXPECT NO LESS FROM SUCH A COWARD
(49:49 / All) ATHF_MastaShake: teal is destroying his own stuff
(49:51 / All) ATHF_MastaShake: he mined 14k gold
(49:54 / All) ATHF_MastaShake: just to destroy
(49:59 / All) ATHF_MastaShake: his own buildings
(50:19 / All) HopeNChange: Do you find this unusual?
(50:48 / All) ATHF_MastaShake: orange yellow leave please
(50:49 / All) ATHF_MastaShake: for purple
(51:05 / All) Iadderrapist: no
(51:08 / All) Iadderrapist: ulose
(51:11 / All) ATHF_MastaShake: no i win
(51:14 / All) ATHF_MastaShake: teal is faggoth
(51:16 / All) ATHF_MastaShake: faggot
(51:18 / All) ATHF_MastaShake: ass idiot shit eating
(51:22 / All) ATHF_MastaShake: little dick licker
(51:33 / All) MOUTHGUZZLER: what did teal even do
(51:36 / All) MOUTHGUZZLER: i didnt see
(51:38 / All) ATHF_MastaShake: if you watch replay you will see
(51:40 / All) ATHF_MastaShake: basically
(51:42 / All) ATHF_MastaShake: he did jack shit all game
(51:45 / All) HopeNChange: If you weren't such a potty mouth maybe I would have allowd you to win
(51:47 / All) ATHF_MastaShake: then fed
(51:55 / All) ATHF_MastaShake: then mined 14k gold and destroyed his own buildings
(51:55 / All) HopeNChange: But with your potty mouth you have snatched defeat from the jaws of victory
(52:04 / All) HopeNChange: You earned this with your unmannerly ways
(52:27 / All) ATHF_MastaShake: lol until you refused to help i hadn't said anything bad
(52:29 / All) ATHF_MastaShake: it was all purple
(52:30 / All) ATHF_MastaShake: and orange
(52:32 / All) ATHF_MastaShake: and yellow
(52:44 / All) ATHF_MastaShake: you are gay faggot
(53:00 / All) Iadderrapist: no that was purp
(53:06 / All) ATHF_MastaShake: no was teal
(53:06 / All) ATHF_MastaShake: he is gay
(53:14 / All) MOUTHGUZZLER: teal did completely kill purple though i have to admit he did pretty good. not sure why he didnt spend his gold blue
(53:24 / All) ATHF_MastaShake: because he is a gay shit eater
(53:28 / All) ATHF_MastaShake: that's why he seems so out of it
(53:30 / All) ATHF_MastaShake: he did mung
(53:33 / All) ATHF_MastaShake: or whatever it's called
(53:34 / All) ATHF_MastaShake: lol
(53:35 / All) MOUTHGUZZLER: teal why didnt you spend your gold more
(53:42 / All) ATHF_MastaShake: he is a faggot idiot
(53:46 / All) ATHF_MastaShake: he is high on his own farts
(53:48 / All) ATHF_MastaShake: or something
(54:11 / All) HopeNChange: Is there something wrong with that? It is an ancient African religious rite
(54:21 / All) ATHF_MastaShake: i do not know what i think about them
(54:27 / All) ATHF_MastaShake: other than teal is gay
(54:30 / All) ATHF_MastaShake: and i think orange too
(54:31 / All) ATHF_MastaShake: yeah
(54:32 / All) ATHF_MastaShake: Both gay
(55:52 / All) HopeNChange: Blue, list the 10 finest Westerns of alll time
(55:57 / All) HopeNChange: And I will consider gifting you this win
(56:45 / All) HopeNChange: You have 2 minutes to list the 10 finest Western films of ALL TIME
(57:00 / All) HopeNChange: If you get 8/10 of my favorites I will gift you this win
(57:47 / All) ATHF_MastaShake: uh
(57:52 / All) ATHF_MastaShake: Chuck norris
(58:02 / All) HopeNChange: Chuck Norris is an actor, not a film
(58:04 / Allies) ATHF_MastaShake: pink are you still there?
(58:13 / All) HopeNChange: You're gonna have to dig deep and display some true grit
(59:03 / All) jonas33: sorry was masturbating to belly buttons did i miss something
(59:18 / All) ATHF_MastaShake: lol
(59:19 / All) ATHF_MastaShake: wtf
(59:24 / All) jonas33: guess not
(59:36 / All) ATHF_MastaShake: you missed teal mine 14k gold and destroy his own buildings
(59:48 / All) jonas33: guess this is a trend now
(59:50 / All) HopeNChange: Yoou guys have 1 minute
(59:56 / All) HopeNChange: To list the 10 finest Western films of all time
(60:17 / All) HopeNChange: We've encountered you before
(60:29 / All) HopeNChange: One doesn't forget a Jonas boys fan that's past the age of 10 and not a girl
(60:38 / All) HopeNChange: They're rare and especially gay
(60:49 / All) jonas33: no they're very masculine
(61:05 / Allies) jonas33: i only know once upon a time in the west
(61:06 / All) HopeNChange: yeah listening to a boy band whose music is targeted at preteen girls is "masculine"
(61:19 / All) HopeNChange: Got any more doozies?
(61:35 / All) HopeNChange: Well you guys don't gotta play my game
(61:40 / All) HopeNChange: But I also don't gotta give you a win
(61:42 / Allies) jonas33: and that movie with sharon stone and young leo di caprio
(61:51 / All) HopeNChange: The Quick and the Dead?
(61:58 / All) HopeNChange: Piece of shit, garbage, bullshit dirt
(62:06 / Allies) jonas33: i didnt say it was good
(62:10 / Allies) ATHF_MastaShake: lol
(62:16 / All) HopeNChange: YEah well you're supposed to list the finest westerns
(62:17 / Allies) ATHF_MastaShake: i just laughed out loud
(62:18 / All) HopeNChange: You failed
(62:22 / Allies) jonas33: whatever
(62:30 / All) HopeNChange: That's your last building
(62:37 / Allies) jonas33: thanks captain obvious
(62:41 / All) HopeNChange: One more swipe of Akino's blade and it's all over for you, buddy boy
(63:09 / Allies) ATHF_MastaShake: akinos' *
(63:11 / All) HopeNChange: Alright, let's do some true and false
(63:22 / All) MOUTHGUZZLER: k
(63:25 / All) ATHF_MastaShake: true and false is fun
(63:27 / All) HopeNChange: Actually it's Akinos's if you follow William Strunk's the elements of style
(63:32 / All) ATHF_MastaShake: oh i see
(63:38 / All) HopeNChange: TRUE OR FALSE
(63:39 / All) ATHF_MastaShake: but it's not aknio
(63:41 / All) ATHF_MastaShake: akino
(63:44 / All) HopeNChange: Hitler did nothing wrong
(63:47 / All) ATHF_MastaShake: lol
(64:03 / All) ATHF_MastaShake: pass
(64:07 / All) HopeNChange: You can't pass
(64:15 / All) HopeNChange: Answer 3 correctly and the win is yours
(64:16 / All) ATHF_MastaShake: save that question for alter
(64:22 / All) ATHF_MastaShake: later*
(64:28 / All) HopeNChange: TRUE OR FALSE, Jews orchestrated 9/11
(64:35 / All) ATHF_MastaShake: lol
(64:41 / Allies) jonas33: that's 100% true
(64:43 / All) ATHF_MastaShake: i think i see where this is going
(64:48 / All) HopeNChange: What's your answer blue
(64:52 / All) ATHF_MastaShake: i wan to hear the third question though
(64:55 / All) ATHF_MastaShake: i am not sure
(65:01 / All) ATHF_MastaShake: probably
(65:15 / Allies) jonas33: "the jews did this" gif with C. Ronaldo
(65:17 / All) HopeNChange: TRUE OR FALSE, Negroids are inferior mentally and commit an astronomically
(65:21 / All) ATHF_MastaShake: lol
(65:25 / All) HopeNChange: disproportionate amount of violent crime
(65:48 / All) HopeNChange: Gonna need some answers
(66:07 / All) ATHF_MastaShake: orange yellow what do you say
(66:16 / All) HopeNChange: They don't have to answer, it's up to you
(66:40 / All) ATHF_MastaShake: i will answer false for all 3
(66:57 / All) HopeNChange: You fail, hard